 Dungeon Crawl Stone Soup version 0.24.0-1-gfbc8707122 (webtiles) character file.

Game seed: 6841532300202937291, levelgen mode: deterministic

2217 Arum the Skirmisher (level 9, 0/56 HPs)
             Began as a Tengu Monk on Oct 28, 2019.
             Was an Elder of Vehumet.
             Slain by Harold
             ... wielding a +0 glaive
              (17 damage)
             ... on level 7 of the Dungeon.
             The game lasted 00:23:33 (8175 turns).

Arum the Skirmisher (Tengu Monk)                    Turns: 8175, Time: 00:23:33

Health: 0/56       AC:  5    Str: 13    XL:     9   Next: 35%
Magic:  6/17       EV: 15    Int: 25    God:    Vehumet [****..]
Gold:   211        SH:  5    Dex: 17    Spells: 5/18 levels left

rFire    . . .     SeeInvis .   b - +5 short sword of Generosity {drain, rElec}
rCold    . . .     Gourm    .   e - +0 buckler
rNeg     . . .     Faith    .   G - +1 robe of Weightlessness {rPois Str+2}
rPois    +         Spirit   .   (helmet restricted)
rElec    +         Reflect  .   r - +1 cloak
rCorr    .         Harm     .   (no gloves)
MR       .....                  (boots unavailable)
Stlth    ++........             (no amulet)
HPRegen  0.18/turn              s - +6 ring of intelligence
MPRegen  0.15/turn              (no ring)

@: brilliant, marked
A: beak, talons 3, able to fly
a: Fly, Renounce Religion


You were on level 7 of the Dungeon.
You worshipped Vehumet.
Vehumet was greatly pleased with you.
You were near starving.

You visited 1 branch of the dungeon, and saw 7 of its levels.
You also visited: Ossuary.

You collected 330 gold pieces.
You spent 119 gold pieces at shops.

Inventory:

Hand Weapons
 a - a +1 falchion
 b - the +5 short sword of Generosity (weapon) {drain, rElec}
   (You found it on level 6 of the Dungeon)

   A truly terrible weapon, it drains the life of those it strikes.
   It insulates you from electricity.
 o - a +1 dagger of venom
 B - a +2 vampiric short sword
Missiles
 d - 3 boomerangs (quivered)
 q - 2 javelins
 A - 4 silver boomerangs
 E - 3 boomerangs of dispersal
Armour
 e - a +0 buckler (worn)
 r - a +1 cloak (worn)
 G - the +1 robe of Weightlessness (worn) {rPois Str+2}
   (You bought it in a shop on level 6 of the Dungeon)

   It affects your strength (+2).
   It protects you from poison.
Jewellery
 j - an uncursed ring of fire
 s - a +6 ring of intelligence (left hand)
Wands
 l - a wand of iceblast (8)
Scrolls
 h - a scroll of enchant armour
 k - a scroll of fear
 m - 4 scrolls of remove curse
 n - 2 scrolls of identify
 p - a scroll of enchant weapon
 t - 2 scrolls of immolation {unknown}
 y - 2 scrolls of amnesia {unknown}
 z - a scroll of noise {unknown}
 C - 2 scrolls of blinking {unknown}
Potions
 f - 4 potions of heal wounds
 g - a potion of agility {unknown}
 i - 2 potions of brilliance
 u - 2 potions of magic {unknown}
 v - 2 potions of flight {unknown}
 w - 2 potions of mutation {unknown}
 x - a potion of might {unknown}
 F - a potion of haste {unknown}
Comestibles
 c - 15 rations


   Skills:
 + Level 6.8 Fighting
 - Level 3.8 Long Blades
 - Level 5.1 Dodging
 - Level 2.0 Stealth
 - Level 4.0 Shields
 + Level 5.1 Spellcasting
 + Level 5.1 Conjurations
 - Level 5.0 Air Magic
 + Level 2.4 Poison Magic


You had 5 spell levels left.
You knew the following spells:

 Your Spells              Type           Power        Failure   Level  Hunger
a - Shock                 Conj/Air       ####         1%          1    None
b - Mephitic Cloud        Conj/Pois/Air  #####...     1%          3    ##.....
c - Ignite Poison         Fire/Tmut/Pois ####....     2%          3    ##.....
d - Poison Arrow          Conj/Pois      #####.....   26%         6    #######
Your spell library was empty.

Dungeon Overview and Level Annotations

Branches:
Dungeon (7/15)            Ossuary (visited)
 Temple: D:4-7

Altars:
Elyvilon
Makhleb
Nemelex Xobeh
Okawaru
Ru
Trog
Uskayaw
Vehumet
Wu Jian
Xom
Zin
The Shining One

Shops:
D:6 [

Annotations:
D:7 Harold


Innate Abilities, Weirdness & Mutations

You have a beak for a mouth.
You have claws for feet.
You can fly continuously.


Message History

The bullfrog hits you.
Harold is engulfed in noxious fumes.
Harold appears confused.
Harold barely misses the leopard gecko.
Unknown command.
Unknown command.
Unknown command.
Unknown command.
Unknown command.
Unknown command.
Unknown command.
Unknown command.
You hit Harold but do no damage. You drain Harold.
You peck Harold, but do no damage.
Harold is severely wounded.
The hound is engulfed in noxious fumes.
The hound appears confused.
The bullfrog misses you. You block the gnoll's attack.
The worker ant is engulfed in noxious fumes.
The worker ant appears confused.
The worker ant bites you.
Harold is engulfed in noxious fumes.
Harold appears confused.
Harold hits you with a +0 glaive!
You die...

......# .....# ....#
##)..# ##[)#.# .
##.(##.## ...#..)l#..#
......#@a☼h.#
....#.gg@g(.####
......###F..#..###
...?.....c#......####
......#..##......##.##
.... #..............##
...
.................#..
............#...<....
........##...........
F.......#............#


You could see Harold (confused), a bullfrog, a centaur, a hound (confused), a
worker ant (confused), 3 gnolls and a leopard gecko.

Vanquished Creatures
  A spriggan (D:7)
  Sigmund (D:4)
  Menkaure (Ossuary)
  An orc warrior (D:6)
  3 ogres
  3 centaurs
  A gnoll sergeant (D:6)
  3 scorpions
  2 howler monkeys
  5 crimson imps
  6 orc priests
  2 bullfrog skeletons
  5 orc wizards
  2 worker ants
  3 mummies (Ossuary)
  Robin (D:3)
  3 gnolls (D:6)
  6 adders
  A shadow imp (D:6)
  An ooze (D:3)
  An adder skeleton (D:5)
  2 worms (D:3)
  4 dart slugs
  A leopard gecko (D:5)
  40 orcs
  3 ball pythons
  4 giant cockroaches
  4 gnoll zombies (Ossuary)
  17 hobgoblins
  4 jackals
  4 bats
  9 frilled lizards
  6 gnoll skeletons (Ossuary)
  12 goblins
  4 goblin skeletons (Ossuary)
  4 goblin zombies (Ossuary)
  2 hobgoblin skeletons (Ossuary)
  5 hobgoblin zombies (Ossuary)
  A jackal zombie (D:2)
  6 kobolds
  4 kobold skeletons (Ossuary)
  2 kobold zombies (Ossuary)
  An orc skeleton (Ossuary)
  An orc zombie (Ossuary)
  A quokka skeleton (D:4)
  A quokka zombie (D:5)
  6 rats
  4 rat skeletons (Ossuary)
  6 rat zombies (Ossuary)
210 creatures vanquished.

Vanquished Creatures (others)
  An orc (D:5)
  2 goblin skeletons (Ossuary)
  A hobgoblin zombie (Ossuary)
  2 orc skeletons (Ossuary)
  An orc zombie (Ossuary)
  A rat zombie (Ossuary)
8 creatures vanquished.

Grand Total: 218 creatures vanquished

Notes
Turn   | Place    | Note
-------+----------+-------------------------------------------
     0 | D:1      | Arum the Tengu Monk began the quest for the Orb.
     0 | D:1      | Reached XP level 1. HP: 14/14 MP: 2/2
   216 | D:1      | Reached XP level 2. HP: 11/19 MP: 3/3
   522 | D:1      | Reached XP level 3. HP: 16/23 MP: 4/4
   802 | D:2      | Found a radiant altar of Vehumet.
   828 | D:2      | Became a worshipper of Vehumet
   828 | D:2      | Reached * piety under Vehumet
   828 | D:2      | Offered knowledge of Shock by Vehumet.
   828 | D:2      | Reached ** piety under Vehumet
   831 | D:2      | Learned a level 1 spell: Shock
   891 | D:2      | Offered knowledge of Freeze by Vehumet.
  1190 | D:2      | Found a bloodstained altar of Trog.
  1351 | D:2      | You fall into a shaft and drop 2 floors!
  1364 | D:4      | Reached skill level 1 in Air Magic
  1364 | D:4      | Reached XP level 4. HP: 18/29 MP: 3/6
  1367 | D:4      | Reached skill level 1 in Spellcasting
  1572 | D:4      | Gained mutation: You can fly continuously. [Tengu growth]
  1572 | D:4      | Reached XP level 5. HP: 33/33 MP: 7/7
  1782 | D:4      | Reached skill level 4 in Fighting
  2199 | D:4      | Found a burning altar of Makhleb.
  2201 | D:4      | Offered knowledge of Mephitic Cloud by Vehumet.
  2203 | D:4      | Noticed a cacodemon
  2206 | D:4      | Found a glowing silver altar of Zin.
  2206 | D:4      | Noticed an angel
  2311 | D:4      | Noticed Sigmund
  2329 | D:4      | Killed Sigmund
  2329 | D:4      | Reached XP level 6. HP: 12/39 MP: 0/10
  2699 | D:4      | Learned a level 3 spell: Mephitic Cloud
  2758 | D:3      | Found a glowing golden altar of the Shining One.
  2797 | D:3      | Reached skill level 5 in Dodging
  2952 | D:3      | Found a sparkling altar of Nemelex Xobeh.
  3205 | D:3      | Reached *** piety under Vehumet
  3282 | D:3      | Noticed Robin
  3289 | D:3      | Killed Robin
  3293 | D:3      | Reached XP level 7. HP: 34/44 MP: 8/11
  3304 | D:3      | Found a white marble altar of Elyvilon.
  3511 | D:3      | Offered knowledge of Iskenderun's Mystic Blast by Vehumet.
  3983 | D:3      | Found a faded altar of an unknown god.
  4001 | D:3      | Reached skill level 1 in Shields
  4566 | D:5      | Entered Level 5 of the Dungeon
  5045 | D:5      | Found an ornate altar of the Wu Jian Council.
  5045 | D:5      | Found a shimmering altar of Xom.
  5046 | D:5      | Found a sacrificial altar of Ru.
  5061 | D:5      | Reached skill level 5 in Fighting
  5072 | D:5      | Noticed a +0 dagger
  5074 | D:5      | Noticed a +0 hand axe
  5153 | D:5      | Found a sand-covered staircase.
  5157 | Ossuary  | Entered an ossuary
  5264 | Ossuary  | Reached **** piety under Vehumet
  5322 | Ossuary  | Offered knowledge of Ignite Poison by Vehumet.
  5514 | Ossuary  | Noticed Menkaure
  5523 | Ossuary  | Killed Menkaure
  5523 | Ossuary  | Reached XP level 8. HP: 27/49 MP: 8/13
  6166 | D:5      | Found a hide-covered altar of Uskayaw.
  6188 | D:5      | Reached skill level 5 in Air Magic
  6223 | D:5      | Reached ***** piety under Vehumet
  6486 | D:5      | Learned a level 3 spell: Ignite Poison
  6543 | D:6      | Offered knowledge of Poison Arrow by Vehumet.
  6551 | D:6      | Learned a level 6 spell: Poison Arrow
  6583 | D:6      | Reached skill level 1 in Conjurations
  6909 | D:6      | Found Boyvva Cazu's Antique Armour Emporium.
  6914 | D:6      | Bought an ancient robe for 119 gold pieces
  6914 | D:6      | Identified the +1 robe of Weightlessness {rPois Str+2} (You
                  | bought it in a shop on level 6 of the Dungeon)
  7119 | D:6      | Found an iron altar of Okawaru.
  7181 | D:6      | Reached skill level 6 in Fighting
  7195 | D:6      | Got a transparent short sword
  7432 | D:6      | Identified the +5 short sword of Generosity {drain, rElec}
                  | (You found it on level 6 of the Dungeon)
  7520 | D:6      | Reached XP level 9. HP: 37/56 MP: 11/16
  7529 | D:6      | Reached skill level 1 in Poison Magic
  8133 | D:7      | Noticed Harold
  8145 | D:7      | Reached skill level 5 in Spellcasting
  8145 | D:7      | Reached skill level 5 in Conjurations
  8175 | D:7      | Slain by Harold

Levels and vault maps discovered:
D:1:      minmay_arrival_hallway, layout_rooms, hangedman_decor_clover_reticule,
          minmay_split_cup_large
D:2:      layout_basic, lightli_temple_of_fire, vehumet_crystals
D:3:      layout_loops_corners, nemelex_xobeh_ov_fountains_minmay,
          elyvilon_altar_1, chequers_ecumenical_altar_twisty,
          nicolae_tso_carved_into_rock, uniq_robin
D:4:      layout_loops_ring, grunt_temple_overflow_order_and_chaos_2,
          first_ration, uniq_sigmund
D:5:      layout_rooms, dancing_weapons_uskayaw,
          gammafunk_temple_overflow_forgotten, nicolae_ossuary_entry_plus
D:6:      layout_loops_ring, lemuel_coloured_pillars_altar, serial_shops,
          kennysheep_little_box, bh_walls_and_bars
D:7:      layout_cave_pools, lemuel_crystal_altar, minmay_temple_entry_waves,
          the_bakery, uniq_harold

Skill      XL: |  1  2  3  4  5  6  7  8  9 |
---------------+----------------------------+-----
Dodging        | 4 5 |  5.1
Air Magic      | 1 2 3 4 5 |  5.0
Spellcasting   | 1 2 3 4 5 |  5.1
Fighting       | 4 5 6 |  6.8
Shields        | 3 4 |  4.0
Conjurations   | 3 5 |  5.1
Poison Magic   | 2 |  2.4
Long Blades    | |  3.8
Stealth        | |  2.0

Action                   |  1- 3 |  4- 6 |  7- 9 || total
-------------------------+-------+-------+-------++-------
Melee: Falchion          |    74 |    99 |   106 ||   279
       Kick              |    28 |    37 |    76 ||   141
       Peck              |    10 |    17 |    43 ||    70
       Short sword       |       |       |   130 ||   130
 Cast: Shock             |     1 |    18 |   118 ||   137
       Mephitic Cloud    |       |       |    12 ||    12
       Ignite Poison     |       |       |     2 ||     2
  Use: Scroll            |       |       |     8 ||     8
       Potion            |       |       |     3 ||     3
 Stab: Sleeping          |     4 |     5 |     3 ||    12
       Confused          |       |       |     3 ||     3
  Eat: Chunk             |     1 |     7 |    11 ||    19
       Ration            |       |       |     1 ||     1
Armor: Robe              |     7 |    14 |    29 ||    50
Dodge: Dodged            |    58 |    85 |   149 ||   292
Block: Buckler           |       |       |    62 ||    62
       Rpst.: Falchion   |    10 |    31 |    13 ||    54
